AoeStats
← 用户1623433

African Clearing

505856541Analyzed
4v4 RM · 22d ago on Sep 11, 2026· 26m 3s· 8 players
Game mode
Random Map
Map size
Large (8 player)
Population
200
Speed
Normal
Resources
Standard
Victory
Conquest
Starting age
Dark Age
Ending age
Imperial Age
RankedLock teamsTeams togetherTeam positionsShared explorationLock speedFull tech treeHidden civsTurbo modeCheats
Victory
Defeat
🇫🇷 Saracens · France
1237
+13
🇨🇦 Tupi · Canada
1231
+13
🇨🇳 Aztecs · China
1127
+17
🇨🇳 Huns · China
1108
+19
🇺🇸 Magyars · United States
1209
-17
🇸🇰 Koreans · Slovakia
1191
-17
🇲🇽 Hindustanis · Mexico
1141
-15
🇨🇦 Mongols · Canada
1102
-13
Aczino
5:31 Loom
11:56 Feudal Age
JAGR | Mazzei10
4:33 Loom
12:46 Feudal Age
14:57 Double-Bit Axe
16:33 Bloodlines
17:30 Scale Barding Armor
20:11 Wheelbarrow
19:30 Horse Collar
24:34 Castle Age
23:03 Fletching
25:31 Husbandry
26:08 Bow Saw
26:31 Heavy Plow
thegladiator989
3:53 Loom
14:39 Feudal Age
16:32 Wheelbarrow
20:11 Castle Age
N3znamy
8:39 Loom
14:01 Feudal Age
19:35 Castle Age
18:57 Stone Mining
21:21 Fletching
Chasers
14:15 Feudal Age
13:02 Loom
18:04 Castle Age
16:59 Fletching
17:24 Double-Bit Axe
17:32 Gold Mining
23:46 Bodkin Arrow
26:43 Padded Archer Armor
El_diouf
3:45 Loom
13:27 Feudal Age
16:15 Fletching
17:49 Town Watch
17:55 Double-Bit Axe
18:35 Padded Archer Armor
22:21 Horse Collar
24:07 Wheelbarrow
用户1623433
5:41 Loom
15:59 Feudal Age
20:52 Castle Age
20:37 Double-Bit Axe
23:38 Bow Saw
T - T
13:37 Feudal Age
14:46 Loom
20:42 Castle Age
20:48 Pikeman
Connection lost

Rejoining the realm…

Still unreachable

The connection could not be restored.

Session expired

The server has moved on; the page needs a fresh start.